 Dungeon Crawl Stone Soup version 0.23.2-40-g277498a001 (webtiles) character file.

Game seed: 9149832825940927137

131796 Ihlosi the Eclecticist (level 16, -11/145 HPs)
             Began as a Grey Draconian Conjurer on Oct 2, 2019.
             Was a High Priest of Vehumet.
             Killed from afar by Aizul (38 damage)
             ... with a poison arrow
             ... on level 2 of the Shoals on Oct 5, 2019.
             The game lasted 03:03:26 (38354 turns).

Ihlosi the Eclecticist (Grey Draconian Conjurer)   Turns: 38354, Time: 03:03:29

Health: -11/145    AC: 19    Str: 14      XL:     16   Next: 56%
Magic:  26/35      EV: 21    Int: 28 (30) God:    Vehumet [*****.]
Gold:   2399       SH: 12    Dex: 17      Spells: 9/45 levels left

rFire    . . .     SeeInvis .     - Unarmed
rCold    . . .     Gourm    .   L - +1 buckler
rNeg     . . .     Faith    .   (armour unavailable)
rPois    .         Spirit   .   (helmet restricted)
rElec    .         Reflect  +   H - +0 cloak
rCorr    .         Harm     .   Q - +0 pair of gloves
MR       +....     Clarity  +   l - +2 pair of boots
Stlth    ++........             v - +6 amulet of reflection
HPRegen  0.34/turn              Z - ring "Patoelac" {+Fly Int+5 Dex+4}
MPRegen  0.24/turn              F - +5 ring of intelligence

@: lethally poisoned (-11 -> -85), about to teleport
A: walk through water, unfitting armour, clarity, sense surroundings 1, strong
1, unbreathing, cold-blooded, AC +14
a: Renounce Religion, Evoke Flight


You were on level 2 of the Shoals.
You worshipped Vehumet.
Vehumet was extremely pleased with you.
You were hungry.

You visited 6 branches of the dungeon, and saw 28 of its levels.
You also visited: Bailey and Gauntlet.

You collected 2543 gold pieces.
You spent 144 gold pieces at shops.

Inventory:

Hand Weapons
 a - the +8 broad axe "Qubam" {chop, -Tele rPois rF+ MR++}
   (You found it on level 3 of the Lair of Beasts)

   It inflicts extra damage upon your enemies.
   It protects you from fire.
   It protects you from poison.
   It affects your resistance to hostile enchantments.
   It prevents most forms of teleportation.
 j - a +2 short sword of speed
 k - a +1 blowgun
Missiles
 O - 5 throwing nets (quivered)
Armour
 l - a +2 pair of boots (worn)
 H - a +0 cloak (worn)
 L - a +1 buckler (worn)
 Q - a +0 pair of gloves (worn)
Magical Staves
 M - an uncursed staff of earth
Jewellery
 p - an uncursed ring of resist corrosion
 v - a +6 amulet of reflection (around neck)
 D - an uncursed amulet of regeneration
 F - a +5 ring of intelligence (right hand)
 P - an uncursed ring of see invisible
 W - an uncursed ring of ice
 Z - the ring "Patoelac" (left hand) {+Fly Int+5 Dex+4}
   (You found it in a Gauntlet)

   [ring of flight]

   It affects your intelligence (+5).
   It affects your dexterity (+4).
   It lets you fly.
Wands
 x - a wand of enslavement (7)
 E - a wand of paralysis (4)
 G - a wand of polymorph (4)
 J - a wand of flame (12)
 X - a wand of scattershot (5)
Scrolls
 c - 2 scrolls of blinking
 h - 8 scrolls of identify
 n - a scroll of silence
 o - a scroll of summoning
 q - a scroll of fog
 r - 3 scrolls of magic mapping
 t - a scroll of holy word
 y - 2 scrolls of amnesia
 z - 4 scrolls of teleportation
 A - 5 scrolls of remove curse
 I - a scroll of brand weapon
 R - a scroll of enchant armour
 S - a scroll of enchant weapon
Potions
 d - a potion of resistance
 g - a potion of agility
 i - 9 potions of curing
 m - a potion of might
 u - 4 potions of flight
 C - 3 potions of lignification
 K - 3 potions of haste
 N - 2 potions of cancellation
 T - 2 potions of magic
 U - a potion of ambrosia
Miscellaneous
 e - a fan of gales
 f - a phial of floods
 s - a lightning rod (4/4)
 B - a crystal ball of energy
 Y - a box of beasts
Comestibles
 b - 11 rations
 V - a chunk of flesh


   Skills:
 + Level 13.9 Fighting
 - Level 12.0 Dodging
 - Level 3.0 Stealth
 - Level 4.0 Shields
 + Level 7.4 Unarmed Combat
 - Level 15.0 Spellcasting
 - Level 6.0 Conjurations
 * Level 8.1 Transmutations
 - Level 6.0 Fire Magic
 - Level 8.0 Earth Magic
 + Level 6.7 Evocations


You had 9 spell levels left.
You knew the following spells:

 Your Spells              Type           Power        Failure   Level  Hunger
a - Magic Dart            Conj           ####         1%          1    None
b - Dazzling Spray        Conj/Hex       #####.       1%          3    None
c - Sticky Flame          Conj/Fire      ######..     1%          4    None
d - Swiftness             Chrm/Air       ###.....     3%          2    None
e - Passwall              Tmut/Erth      ######..     1%          2    None
f - Ignite Poison         Fire/Tmut/Pois #####...     1%          3    None
g - Inner Flame           Hex/Fire       #####...     1%          3    None
h - Fireball              Conj/Fire      ######....   1%          5    None
i - Dragon Form           Tmut           ######....   56%         7    #####..
j - Bolt of Fire          Conj/Fire      ######....   9%          6    ####...

Your spell library contained the following spells:

 Spells                   Type           Power        Failure   Level  Hunger
 Freezing Cloud           Conj/Ice/Air   ####......   36%         6    ####...
 Flame Tongue             Conj/Fire      #####        1%          1    None
 Sandblast                Erth           ######       1%          1    None
 Shock                    Conj/Air       ####         1%          1    None
 Searing Ray              Conj           ######       1%          2    None
 Throw Flame              Conj/Fire      ######       1%          2    None
 Conjure Flame            Conj/Fire      ######..     1%          3    None
 Static Discharge         Conj/Air       #####...     1%          3    None
 Stone Arrow              Conj/Erth      ######       1%          3    None
 Force Lance              Conj/Tloc      #####...     1%          4    None
 Fulminant Prism          Conj/Hex       #####.....   1%          4    None
 Iskenderun's Mystic Bla  Conj           ######..     1%          4    None
 Petrify                  Tmut/Erth      ######..     1%          4    None
 Irradiate                Conj/Tmut      ######....   1%          5    None
 Lee's Rapid Deconstruct  Erth           ######....   1%          5    None
 Animate Skeleton         Necr           N/A          2%          1    None
 Apportation              Tloc           ###...       2%          1    None
 Confusing Touch          Hex            ###...       2%          1    None
 Infusion                 Chrm           ###.         2%          1    None
 Summon Small Mammal      Summ           ###.         2%          1    None
 Shroud of Golubria       Chrm/Tloc      ###.......   3%          2    None
 Song of Slaying          Chrm           ###.....     3%          2    None
 Iskenderun's Battlesphe  Conj/Chrm      #####...     5%          5    None
 Lightning Bolt           Conj/Air       #####.....   5%          5    None
 Regeneration             Chrm/Necr      ###.......   7%          3    None
 Spectral Weapon          Hex/Chrm       ###.....     7%          3    None
 Airstrike                Air            ###.......   7%          4    None
 Borgnjor's Vile Clutch   Necr/Erth      #####.....   13%         5    None
 Hydra Form               Tmut           ######....   13%         6    ####...
 Statue Form              Tmut/Erth      ######...    13%         6    ####...
 Excruciating Wounds      Chrm/Necr      ###.......   54%         5    None
 Ring of Flames           Chrm/Fire      #####.....   99%         7    #####..


Dungeon Overview and Level Annotations

Branches:
Dungeon (15/15)            Temple (1/1) D:7            Lair (6/6) D:8
 Shoals (2/4) Lair:4       Spider (2/4) Lair:2        Slime (0/5) Lair:5
    Orc (2/2) D:10            Elf (0/3) Orc:2        Vaults (0/5) D:13
 Depths: D:15

Altars:
Ashenzari
Cheibriados
Dithmenos
Elyvilon
Fedhas
Gozag
Hepliaklqana
Kikubaaqudgha
Makhleb
Nemelex Xobeh
Okawaru
Qazlal
Ru
Sif Muna
Trog
Uskayaw
Vehumet
Wu Jian
Yredelemnul
Zin
The Shining One
Beogh

Shops:
D:6 %   D:10 ([   Orc:2 %}[%   Shoals:2 *

Portals:
Pandemonium: Orc:2

Annotations:
Lair:1 exclusions: 4 oklob plants and water moccasin
Lair:5 2 transporters, exclusion: oklob plant, kalagan's ghost, journeyman GrEE
Lair:6 Nessos
Shoals:2 Aizul


Innate Abilities, Weirdness & Mutations

You can walk through water.
Your dull iron-grey scales are very hard. (AC +14)
You cannot fit into any form of body armour.
You can survive without breathing.
You are cold-blooded and may be slowed by cold attacks.
You possess an exceptional clarity of mind.
You passively map a small area around you.
Your muscles are strong. (Str +2)


Message History

You feel very sick.
The merfolk burns!
Aizul hits you but does no damage. You block the merfolk impaler's attack.
You block the merfolk's attack.
* * * LOW HITPOINT WARNING * * *
You feel very sick.
The merfolk burns!
You block the merfolk impaler's attack.
The merfolk impaler hits you from afar with a +2 trident of venom.
* * * LOW HITPOINT WARNING * * *
You are more poisoned.
Aizul hits you but does no damage.
The merfolk hits you from afar with a +0 trident!!
* * * LOW HITPOINT WARNING * * *
You feel much better.
* * * LOW HITPOINT WARNING * * *
You feel very sick.
The merfolk burns!
You block the merfolk impaler's attack.
Aizul coils herself and waves her upper body at you.
The poison arrow hits you!!!
You are more poisoned.
You die...

##..≈≈≈≈≈≈≈≈≈≈≈≈≈≈.....≈≈≈≈≈≈≈≈≈
##...≈≈≈≈≈≈≈≈≈≈≈≈≈........≈≈≈≈≈≈≈
....≈≈≈≈≈≈≈≈≈≈≈≈≈≈.####...÷≈≈≈≈≈≈
....≈≈≈≈≈≈≈≈≈≈≈≈≈≈.#####..≈≈≈≈≈≈≈
.≈≈≈≈≈≈≈≈≈≈≈≈≈≈≈..≈..###...≈≈≈≈≈≈
≈≈≈≈≈≈≈≈≈≈≈≈≈≈≈≈........≈≈..≈≈≈≈≈
≈≈≈≈≈≈≈≈≈≈≈≈≈≈≈≈......≈≈..≈≈≈≈≈≈≈
≈≈≈≈≈≈≈≈≈≈≈≈≈≈.............≈≈≈≈≈≈
≈≈≈≈≈≈≈≈≈≈≈≈≈...@.m....##.≈≈≈≈≈≈≈
≈≈≈≈(≈≈≈≈≈≈≈)...S(...≈.#..≈≈≈≈≈≈≈
≈≈≈≈≈≈≈≈≈≈≈≈≈.....m..≈≈.≈≈
≈≈≈≈≈≈≈ ≈≈≈≈≈≈≈...).≈≈≈≈≈≈≈
≈≈≈≈≈≈≈ ≈≈≈≈≈≈≈≈≈)≈≈≈≈≈≈≈≈ ≈≈≈ ≈
≈≈≈≈≈≈≈≈∩≈≈≈≈≈≈≈≈≈ ≈≈
≈≈≈≈≈≈≈≈≈≈≈≈≈≈≈≈≈≈ ≈≈ ≈
≈≈≈≈≈≈≈≈≈≈≈≈≈≈≈≈≈≈
≈≈≈≈≈≈≈≈≈≈≈≈≈≈≈≈≈≈ ≈


You could see Aizul, a merfolk impaler and a merfolk (burning).

Vanquished Creatures
  An emperor scorpion (Spider:1)
  An ironheart preserver (D:13)
  2 entropy weavers (Spider:1)
  A minotaur (Gauntlet)
  5 merfolk impalers
  Fannar (Lair:2)
  An anaconda (Orc:2)
  A centaur warrior (D:14)
  2 alligator snapping turtles (Shoals:1)
  3 hydras
  A merfolk avatar (Shoals:1)
  A satyr (Shoals:2)
  3 tengu warriors
  8 two-headed ogres
  A queen ant (Spider:1)
  10 orc high priests (Orc:2)
  9 death yaks
  A wretched star (Gauntlet)
  A sixfirhy (Gauntlet)
  A glowing orange brain (D:15)
  4 sea snakes
  A wizard (D:15)
  A torturous demonspawn (Orc:2)
  4 unseen horrors
  2 deep elf magi
  A swamp dragon (Orc:2)
  3 orb spiders
  5 harpies
  3 fauns (Shoals:1)
  A mana viper (shapeshifter) (D:13)
  6 orc knights
  10 manticores
  6 orc sorcerers
  9 ugly things
  2 wolf spiders (Spider:1)
  2 cyclopes
  A guardian serpent (shapeshifter) (D:15)
  A moth of wrath (Gauntlet)
  A moth of wrath (shapeshifter) (D:10)
  5 elephants (Lair:5)
  5 merfolk sirens
  2 black mambas
  2 water nymphs (Shoals:2)
  7 spiny frogs
  An orange demon (Orc:2)
  3 gargoyles
  A kobold demonologist (D:13)
  2 demonic crawlers (Spider:1)
  5 komodo dragons
  3 rime drakes
  A freezing wraith (D:12)
  6 trolls
  18 merfolk
  A tengu conjurer (D:13)
  A red devil (Orc:2)
  A wind drake (Lair:4)
  6 jumping spiders (Spider:1)
  2 hornets
  5 snapping turtles
  4 slime creatures (D:12)
  4 blink frogs (Lair:4)
  12 hippogriffs
  7 dream sheep
  2 centaur simulacra
  A meliai zombie (D:11)
  2 wraiths
  2 shadows
  A ynoxinul (Orc:2)
  5 tarantellas (Spider:1)
  3 wyverns
  2 water elementals
  9 yaks
  29 redbacks (Spider:1)
  A vampire (D:15)
  A basilisk (Lair:5)
  A steam dragon (D:11)
  A hungry ghost (D:14)
  Menkaure (D:5)
  2 soldier ants (Spider:1)
  An acid dragon (D:11)
  7 wargs
  A soldier ant (shapeshifter) (D:14)
  6 porcupines
  A hornet zombie (D:11)
  8 water moccasins
  An eye of draining (D:11)
  44 orc warriors
  7 phantoms
  5 ice beasts
  4 sky beasts
  3 black bears
  A necrophage (D:5)
  6 ogres
  4 wolves (Gauntlet)
  21 centaurs
  A small abomination (Gauntlet)
  3 crocodiles
  2 big kobolds
  16 bullfrogs
  A wyvern zombie (D:14)
  2 wyvern skeletons
  6 killer bees (D:6)
  2 scorpions
  14 wights
  4 howler monkeys
  10 crimson imps
  4 centaur zombies
  4 quasits
  8 jellies
  5 hounds
  26 orc priests
  16 orc wizards
  2 bullfrog skeletons
  5 iguanas
  15 worker ants
  A killer bee zombie (D:5)
  2 hound zombies (D:10)
  Robin (D:2)
  A worker ant zombie (D:10)
  9 adders
  10 gnolls
  2 shadow imps
  3 white imps (D:12)
  2 ufetubi (Gauntlet)
  2 oozes
  2 adder zombies (D:9)
  4 worms
  4 leopard geckos
  94 orcs
  3 ball pythons
  11 bats
  8 giant cockroaches
  11 hobgoblins
  6 jackals
  6 quokkas
  6 frilled lizards
  16 goblins
  17 kobolds
  2 leopard gecko zombies
  A quokka skeleton (D:8)
  17 rats
  A plant (Lair:2)
792 creatures vanquished.

Vanquished Creatures (others)
  A centaur warrior (D:13)
  A faun (Shoals:1)
  An orc knight (Orc:2)
  A cyclops (Shoals:1)
  An orc warrior (Bailey)
  A centaur (Shoals:1)
  An adder (D:2)
  An ooze (D:2)
  5 orcs
  A jackal (D:2)
  2 bushes
  A demonic plant (Gauntlet)
  8 fungi
  4 plants
29 creatures vanquished.

Grand Total: 821 creatures vanquished

Notes
Turn   | Place    | Note
-------+----------+-------------------------------------------
     0 | D:1      | Ihlosi the Draconian Conjurer began the quest for the Orb.
     0 | D:1      | Reached XP level 1. HP: 14/14 MP: 3/3
   613 | D:1      | Reached XP level 2. HP: 19/22 MP: 5/5
  1455 | D:1      | Reached skill level 1 in Fighting
  1521 | D:2      | Found a radiant altar of Vehumet.
  1745 | D:1      | Reached XP level 3. HP: 20/28 MP: 6/6
  1770 | D:1      | Learned a level 3 spell: Dazzling Spray
  2644 | D:2      | Reached XP level 4. HP: 35/35 MP: 0/7
  2711 | D:2      | Noticed Robin
  3302 | D:2      | Killed Robin
  3647 | D:3      | Reached XP level 5. HP: 41/41 MP: 0/8
  3876 | D:3      | Found an opulent altar of Gozag.
  3889 | D:3      | Found a shattered altar of Ashenzari.
  3965 | D:3      | You fall through a shaft!
  3986 | D:3      | Found a basalt altar of Yredelemnul.
  4091 | D:3      | Found an opulent altar of Gozag.
  4216 | D:3      | Reached skill level 1 in Evocations
  4648 | D:4      | Noticed a phantom
  4738 | D:4      | Noticed an orc warrior
  4832 | D:4      | Noticed a phantom
  4975 | D:5      | Entered Level 5 of the Dungeon
  4989 | D:5      | Noticed Menkaure
  4996 | D:5      | HP: 1/41 [Menkaure (15)]
  4999 | D:5      | Killed Menkaure
  4999 | D:5      | Reached skill level 3 in Spellcasting
  4999 | D:5      | Reached XP level 6. HP: 18/49 MP: 1/10
  5322 | D:5      | Noticed a sky beast
  5345 | D:5      | Killed a sky beast
  5359 | D:5      | Your scales start taking on a dull iron-grey colour.
  5359 | D:5      | Reached XP level 7. HP: 34/56 MP: 11/11
  5359 | D:5      | Gained mutation: You can survive without breathing. [Grey
                  | Draconian growth]
  5385 | D:5      | Reached skill level 5 in Conjurations
  5969 | D:5      | Reached skill level 5 in Dodging
  6523 | D:4      | Reached XP level 8. HP: 54/66 MP: 13/13
  6709 | D:4      | Reached skill level 4 in Spellcasting
  7005 | D:6      | Reached skill level 5 in Fighting
  7512 | D:6      | Reached XP level 9. HP: 63/75 MP: 14/16
  7763 | D:6      | Found Icauz's Food Shop.
  8085 | D:6      | Found an iron altar of Okawaru.
  8413 | D:6      | Noticed Pikel
  8415 | D:6      | Noticed Pikel
  8415 | D:6      | Pikel changed into Pikel the warg
  8426 | D:6      | Killed Pikel the warg
  8494 | D:7      | Noticed Dowan
  8549 | D:7      | Noticed Dowan
  8549 | D:7      | Dowan changed into Dowan the hound
  8550 | D:7      | Noticed Duvessa
  8558 | D:7      | Noticed Duvessa
  8558 | D:7      | Duvessa changed into Duvessa the scorpion
  8559 | D:7      | Killed Dowan the hound
  8570 | D:7      | Killed Duvessa the scorpion
  8606 | D:7      | Found a glowing golden altar of the Shining One.
  8640 | D:7      | Found a staircase to the Ecumenical Temple.
  8694 | D:7      | Found a hazy altar of Hepliaklqana.
  8695 | D:7      | Found a deep blue altar of Sif Muna.
  8695 | D:7      | Found a hide-covered altar of Uskayaw.
  8707 | D:7      | Reached skill level 5 in Spellcasting
  9496 | Temple   | Entered the Ecumenical Temple
  9889 | D:2      | Became a worshipper of Vehumet
 10380 | D:8      | Reached skill level 5 in Evocations
 10630 | D:8      | Noticed a death yak
 10633 | D:8      | Noticed a death yak
 10941 | D:8      | Learned a level 4 spell: Sticky Flame
 10957 | D:8      | Noticed a death yak
 11054 | D:9      | Reached skill level 1 in Shields
 11269 | D:9      | Reached * piety under Vehumet
 11269 | D:9      | Offered knowledge of Sting by Vehumet.
 11301 | D:9      | Reached XP level 10. HP: 86/86 MP: 11/18
 11304 | D:9      | Found a sparkling altar of Nemelex Xobeh.
 11571 | D:9      | Reached skill level 1 in Fire Magic
 11889 | D:9      | Reached skill level 6 in Spellcasting
 12337 | D:8      | HP: 4/88 [orc warrior/+0 trident (9)]
 12889 | D:8      | Found a staircase to the Lair.
 13066 | D:8      | Killed a death yak
 13069 | D:8      | Killed a death yak
 13070 | D:8      | Killed a death yak
 13307 | Lair:1   | Entered Level 1 of the Lair of Beasts
 13357 | Lair:1   | Noticed an oklob plant
 13357 | Lair:1   | Noticed an oklob plant
 13357 | Lair:1   | Noticed an oklob plant
 13357 | Lair:1   | Noticed an oklob plant
 13433 | Lair:1   | Noticed a spiny frog
 13448 | Lair:1   | Killed a spiny frog
 13483 | Lair:1   | Reached XP level 11. HP: 24/95 MP: 3/21
 14484 | Lair:1   | Reached skill level 7 in Spellcasting
 14534 | Lair:1   | Learned a level 2 spell: Swiftness
 15193 | Lair:2   | Found a hole to the Spider Nest.
 15193 | Lair:2   | Noticed an orb spider
 15398 | Lair:2   | Noticed Fannar
 15619 | Lair:3   | Noticed an eight-headed hydra
 15699 | Lair:3   | Learned a level 2 spell: Passwall
 15731 | Lair:3   | Noticed a four-headed hydra
 15866 | Lair:3   | Reached skill level 1 in Earth Magic
 15948 | Lair:3   | Got an ichor-stained broad axe
 15957 | Lair:3   | Identified the +8 broad axe "Qubam" {chop, -Tele rPois rF+
                  | MR++} (You found it on level 3 of the Lair of Beasts)
 16046 | Lair:3   | Reached ** piety under Vehumet
 16046 | Lair:3   | Offered knowledge of Freeze by Vehumet.
 16046 | Lair:3   | Reached skill level 5 in Fire Magic
 16074 | Lair:3   | Got a slimy short sword
 16134 | Lair:1   | Identified the +7 short sword "Exazel" {vamp, *Noise rPois
                  | Str+4 Int+4} (You found it on level 3 of the Lair of
                  | Beasts)
 16146 | Lair:1   | Gained mutation: You passively map a small area around you.
                  | [potion of mutation]
 16146 | Lair:1   | Gained mutation: Your muscles are strong. (Str +2) [potion
                  | of mutation]
 16146 | Lair:1   | Gained mutation: You possess an exceptional clarity of
                  | mind. [potion of mutation]
 16643 | Lair:3   | Killed an eight-headed hydra
 16733 | Lair:3   | Killed a four-headed hydra
 16733 | Lair:3   | Reached skill level 8 in Spellcasting
 16733 | Lair:3   | Reached skill level 1 in Transmutations
 16889 | Lair:4   | Noticed a six-headed hydra
 16910 | Lair:4   | Killed a seven-headed hydra
 16952 | Lair:4   | Reached skill level 1 in Unarmed Combat
 17248 | Lair:4   | Got a bloodstained cloak
 17254 | Lair:4   | Identified the +1 cloak of Tucog {-Tele rElec rCorr} (You
                  | found it on level 4 of the Lair of Beasts)
 17337 | Lair:4   | Reached XP level 12. HP: 89/104 MP: 15/24
 17639 | Lair:4   | Found a staircase to the Shoals.
 17688 | Lair:4   | Noticed a death yak
 17689 | Lair:4   | Noticed a death yak
 17697 | Lair:4   | Noticed a death yak
 17697 | Lair:4   | Noticed a death yak
 17698 | Lair:4   | Noticed a death yak
 17698 | Lair:4   | Noticed a death yak
 17712 | Lair:4   | Killed a death yak
 17738 | Lair:4   | Killed a death yak
 17755 | Lair:4   | Killed a death yak
 17877 | Lair:4   | Killed a death yak
 17893 | Lair:4   | Killed a death yak
 17955 | Lair:4   | Killed a death yak
 17955 | Lair:4   | Reached skill level 9 in Spellcasting
 18469 | Lair:5   | Found a transporter.
 18476 | Lair:5   | Found a transporter.
 18476 | Lair:5   | Found a bloodstained altar of Trog.
 18476 | Lair:5   | Identified the +5 trident of Dim Light {holy, rElec}
 18476 | Lair:5   | Identified the cursed +3 spear "Omouz" {venom, *Noise +Inv
                  | rN+}
 18476 | Lair:5   | Noticed kalagan's ghost (journeyman GrEE)
 18486 | Lair:5   | Identified the +7 broad axe "Nauxyc" {protect, rPois Str-3
                  | Dex+5 Stlth+}
 18677 | Lair:5   | Reached skill level 10 in Fighting
 18677 | Lair:5   | Reached skill level 5 in Earth Magic
 18680 | Lair:5   | Offered knowledge of Ignite Poison by Vehumet.
 18685 | Lair:5   | Learned a level 3 spell: Ignite Poison
 18810 | Lair:5   | Found a staircase to the Slime Pits.
 19266 | Lair:6   | Entered Level 6 of the Lair of Beasts
 19266 | Lair:6   | Noticed Nessos
 19291 | Lair:6   | Noticed a five-headed hydra
 19291 | Lair:6   | Noticed a four-headed hydra
 19313 | Lair:6   | Reached skill level 10 in Dodging
 19420 | D:10     | Entered Level 10 of the Dungeon
 19467 | D:10     | Found Wanolunt's Weapon Emporium.
 19467 | D:10     | Found a staircase to the Orcish Mines.
 19479 | D:10     | Reached *** piety under Vehumet
 19505 | D:10     | Found Sykydghi's Armour Emporium.
 19508 | D:10     | You fall through a shaft for 2 floors!
 19578 | D:10     | Found a flagged portal.
 19811 | Bailey   | Entered a bailey
 19828 | Bailey   | Learned a level 3 spell: Inner Flame
 19884 | Bailey   | Offered knowledge of Olgreb's Toxic Radiance by Vehumet.
 20385 | Bailey   | Found a roughly hewn altar of Beogh.
 20594 | Bailey   | Reached skill level 10 in Spellcasting
 20594 | Bailey   | Reached XP level 13. HP: 116/116 MP: 25/27
 20618 | D:10     | Got an iridescent spear
 20752 | D:10     | Reached **** piety under Vehumet
 20804 | D:10     | Offered knowledge of Throw Icicle by Vehumet.
 20804 | D:10     | Reached XP level 14. HP: 124/124 MP: 26/28
 22357 | D:11     | Reached skill level 11 in Spellcasting
 22552 | D:12     | Reached ***** piety under Vehumet
 22555 | D:12     | Offered knowledge of Bolt of Magma by Vehumet.
 22653 | D:12     | Identified the +4 spear of the Messenger {venom, Int+3}
                  | (You found it on level 10 of the Dungeon)
 22776 | Orc:1    | Entered Level 1 of the Orcish Mines
 22806 | Orc:1    | Found a roughly hewn altar of Beogh.
 23233 | Orc:2    | Entered Level 2 of the Orcish Mines
 23233 | Orc:2    | Found Natz's Food Shop.
 23239 | Orc:2    | Reached skill level 5 in Transmutations
 24389 | Orc:2    | Found a staircase to the Elven Halls.
 24439 | Orc:2    | Reached skill level 5 in Unarmed Combat
 24564 | Orc:2    | Identified the +2 hand axe of Pasaili {chop, rElec}
 24724 | Orc:2    | Found Ereyhik's Food Shoppe.
 24737 | Orc:2    | Offered knowledge of Bolt of Cold by Vehumet.
 24929 | Orc:2    | Found Qiyckeik's Food Emporium.
 26676 | Orc:2    | Reached skill level 12 in Spellcasting
 26868 | Orc:2    | Found Itettud's Gadget Boutique.
 26868 | Orc:2    | Found a one-way gate leading to the halls of Pandemonium.
 26868 | Orc:2    | Found Zadghiusk's Antique Armour Shop.
 26914 | Orc:2    | Learned a level 5 spell: Fireball
 27741 | D:12     | Reached XP level 15. HP: 106/132 MP: 31/31
 27901 | D:13     | Offered knowledge of Iskenderun's Battlesphere by Vehumet.
 27929 | D:13     | Found a gate leading to a gauntlet.
 27957 | D:13     | Found a gate to the Vaults.
 28022 | Gauntlet | Entered a Gauntlet
 28022 | Gauntlet | Found a transporter.
 28022 | Gauntlet | Found a transporter.
 28041 | Gauntlet | Found a transporter.
 28042 | Gauntlet | Found a transporter.
 28054 | Gauntlet | Found a transporter.
 28058 | Gauntlet | Found a transporter.
 28073 | Gauntlet | Found a transporter.
 28088 | Gauntlet | Found a runed translucent gate.
 28089 | Gauntlet | Found a transporter.
 28089 | Gauntlet | Found a runed translucent gate.
 28090 | Gauntlet | Found a runed translucent gate.
 28093 | Gauntlet | Found a transporter.
 28113 | Gauntlet | Found a transporter.
 28126 | Gauntlet | Found a transporter.
 28130 | Gauntlet | Found a transporter.
 28282 | Gauntlet | Got a shimmering tin ring
 28284 | Gauntlet | Identified the ring "Patoelac" {+Fly Int+5 Dex+4} (You
                  | found it in a Gauntlet)
 28441 | Gauntlet | Identified the +5 ring mail "Rilubb" {Int+4 Dex+6}
 28468 | Gauntlet | Learned a level 7 spell: Dragon Form
 28473 | Gauntlet | Identified the Catalogue of the Thirsty Suns
 28869 | Lair:2   | Killed Fannar
 29135 | D:13     | Noticed Erolcha
 29140 | D:13     | Noticed Erolcha
 29140 | D:13     | Erolcha changed into Erolcha the harpy
 29146 | D:13     | Killed Erolcha the harpy
 30785 | D:15     | Entered Level 15 of the Dungeon
 30905 | D:15     | Reached skill level 13 in Spellcasting
 31501 | Spider:1 | Entered Level 1 of the Spider Nest
 31540 | Spider:1 | Offered knowledge of Bolt of Fire by Vehumet.
 31548 | Spider:1 | Learned a level 6 spell: Bolt of Fire
 34577 | Shoals:1 | Entered Level 1 of the Shoals
 34607 | Lair:4   | Reached XP level 16. HP: 82/144 MP: 12/33
 34792 | Shoals:1 | Reached skill level 14 in Spellcasting
 35891 | Shoals:1 | Found a stormy altar of Qazlal.
 36577 | Shoals:1 | Offered knowledge of Freezing Cloud by Vehumet.
 38157 | Shoals:2 | Reached skill level 15 in Spellcasting
 38320 | Shoals:2 | Found Lamam's General Store.
 38329 | Shoals:2 | Bought a potion of heal wounds for 80 gold pieces
 38329 | Shoals:2 | Bought a scroll of identify for 32 gold pieces
 38329 | Shoals:2 | Bought a scroll of identify for 32 gold pieces
 38345 | Shoals:2 | Noticed Aizul
 38354 | Shoals:2 | Killed from afar by Aizul

Skill      XL: |  1  2  3  4  5  6  7  8  9 10 11 12 13 14 15 16 |
---------------+-------------------------------------------------+-----
Dodging        | 2 3 4 5 6 7 8 9 10 11 12 | 12.0
Fighting       | 1 2 3 6 7 8 9 11 12 13 | 13.9
Stealth        | 2 3 |  3.0
Evocations     | 1 2 3 5 6 |  6.7
Spellcasting   | 3 4 5 6 8 10 12 13 15 | 15.0
Conjurations   | 5 6 |  6.0
Shields        | 1 3 4 |  4.0
Fire Magic     | 3 6 |  6.0
Earth Magic    | 3 5 6 8 |  8.0
Transmutations | 2 4 6 7 8 |  8.1
Unarmed Combat | 1 3 5 7 |  7.4

Action                   |  1- 3 |  4- 6 |  7- 9 | 10-12 | 13-15 | 16-18 || total
-------------------------+-------+-------+-------+-------+-------+-------++-------
Melee: Unarmed           |   228 |   233 |       |    15 |       |    37 ||   513
       Tailslap          |    39 |    24 |    45 |    61 |   115 |    31 ||   315
       Hand axe          |       |    46 |   383 |   212 |       |       ||   641
       Broad axe         |       |       |       |   147 |   895 |   143 ||  1185
 Cast: Magic Dart        |    18 |    30 |    26 |    69 |    83 |     4 ||   230
       Dazzling Spray    |     5 |    19 |    21 |     9 |    39 |       ||    93
       Sticky Flame      |       |       |     2 |    68 |   134 |     7 ||   211
       Inner Flame       |       |       |       |     4 |    11 |       ||    15
       Fireball          |       |       |       |       |    31 |    61 ||    92
       Swiftness         |       |       |       |       |     3 |       ||     3
       Bolt of Fire      |       |       |       |       |    17 |    39 ||    56
Evoke: Wand              |     5 |     5 |    20 |    17 |    23 |    25 ||    95
       Lightning rod     |       |       |       |       |     7 |       ||     7
       Fan of gales      |       |       |       |       |     1 |       ||     1
  Use: Potion            |       |    10 |       |     7 |     1 |     4 ||    22
       Scroll            |       |       |       |    23 |     6 |     5 ||    34
 Stab: Sleeping          |     7 |     5 |     6 |     9 |    10 |     1 ||    38
       Paralysed         |    17 |     6 |     3 |     8 |     2 |    11 ||    47
       Invisible         |       |     3 |     1 |       |     6 |       ||    10
       Distracted        |       |       |     1 |       |       |       ||     1
  Eat: Chunk             |     7 |     9 |    17 |    26 |    29 |     8 ||    96
       Ration            |       |     1 |     1 |     3 |     7 |     3 ||    15
Armor: Skin              |    79 |   131 |   227 |   121 |   406 |    52 ||  1016
Dodge: Dodged            |   151 |   253 |   443 |   364 |  1039 |   240 ||  2490
Block: Buckler           |       |       |    37 |   284 |  1009 |   196 ||  1526
       Reflection        |       |       |       |    15 |    34 |    24 ||    73
